Workbook

Sheet PRESUPUESTO
A1: TABLA 15
A3: PROYECTO DE SOLUCION DE SUELOS EXPANSIVOS EN EL EDIFICIO DE AGROPECUARIA
A4: DE LA FACULTAD DE INGENIERIA MECANICA Y CIENCIAS DE LA PRODUCCION DE LA ESPOL
A6: PRESUPUESTO REFERENCIAL DE OBRA CIVIL PROYECTO 1
A8: Clave | B8: Descripción | C8: Unidad | D8: Cantidad | E8: Precio U. | F8: Total
A11: A | B11: OBRAS CIVILES
A12: 1 | B12: PRELIMINARES | F12: =SUM(F13:F17) -> 2878.06
A13: 1.01 | B13: Trazado y Replanteo | C13: M2 | D13: 515 | E13: ='ANALISIS UNITARIOS 1'!I56 -> 3.67 | F13: =D13*E13 -> 1890.05
A14: 1.02 | B14: Guardianía - Seguridad | C14: MES | D14: 1 | E14: ='ANALISIS UNITARIOS 1'!I113 -> 314.6 | F14: =D14*E14 -> 314.6
A15: 1.03 | B15: Caseta oficina, guardián, bodega (estruct. de madera, cubta zinc) 4.0x4.0 | C15: M2 | D15: 16 | E15: ='ANALISIS UNITARIOS 1'!I170 -> 20.43 | F15: =D15*E15 -> 326.88
A16: 1.04 | B16: Bateria sanitaria provisional-Portatil (1 unidad) | C16: MES | D16: 1 | E16: ='ANALISIS UNITARIOS 1'!I227 -> 132 | F16: =D16*E16 -> 132
A17: 1.05 | B17: Limpieza General de Obra | C17: MES | D17: 1 | E17: ='ANALISIS UNITARIOS 1'!I284 -> 214.53 | F17: =D17*E17 -> 214.53
A19: 2 | B19: MOVIMIENTO DE TIERRA, OBRA DE INFRAESTRUCTURA Y ALBANILERIA | F19: =F21+F22+F23+F24+F25+F26+F27+F28+F29+F30+F31+F32 -> 9607.3839
A21: 2.01 | B21: Demolición y desalojo aceras, inc. bordillos. | C21: M2 | D21: 128.54 | E21: ='ANALISIS UNITARIOS 1'!I343 -> 1.57 | F21: =D21*E21 -> 201.8078
A22: 2.02 | B22: Excavación y desalojo para mejoramiento de suelo | C22: M3 | D22: 416 | E22: ='ANALISIS UNITARIOS 1'!I400 -> 3.1 | F22: =D22*E22 -> 1289.6
A23: 2.03 | B23: Cama de cal e=5cm. | C23: M3 | D23: =18.02+1.1565+4.3 -> 23.4765 | E23: ='ANALISIS UNITARIOS 1'!I457 -> 79.2975 | F23: =D23*E23 -> 1861.6278
A24: 2.04 | B24: Relleno compactado al 95% del proctor modif. | C24: M3 | D24: =250+32 -> 282 | E24: ='ANALISIS UNITARIOS 1'!I514 -> 6.26 | F24: =D24*E24 -> 1765.32
A25: 2.05 | B25: Relleno piedra 3/4" en filtro | C25: M3 | D25: 3 | E25: ='ANALISIS UNITARIOS 1'!I571 -> 19.09 | F25: =D25*E25 -> 57.27
A26: 2.06 | B26: Contrapiso de hormigón simple, f'c=210kg/cm2 e=10cm. para aceras Inc.junta de construcción c/2,40 m y aplicación de sellador de junta. | C26: M2 | D26: 238 | E26: ='ANALISIS UNITARIOS 1'!I628 -> 10.27 | F26: =D26*E26 -> 2444.26
A27: 2.07 | B27: Contrapiso: Hormigón pobre bajo vivero | C27: M3 | D27: 16.729 | E27: ='ANALISIS UNITARIOS 1'!I742 -> 44.43 | F27: =D27*E27 -> 743.26947
A28: 2.08 | B28: Cajas recolectoras de A.A.L.L. De Ho. Simple f'c = 180 kg/cm2 (Sin tapa) 60x60x130cm | C28: U | D28: 1 | E28: ='ANALISIS UNITARIOS 1'!I799 -> 150.47 | F28: =D28*E28 -> 150.47
A29: 2.09 | B29: Cajas recolectoras de A.A.L.L. De Ho. Simple f'c = 180 kg/cm2 (Sin tapa) 60x60x115cm | C29: U | D29: 1 | E29: ='ANALISIS UNITARIOS 1'!I856 -> 135.07 | F29: =D29*E29 -> 135.07
A30: 2.1 | B30: Tapas de hormigón armado, c/marco y contramarco, 60x60 cm, incluye instalación | C30: U | D30: 2 | E30: ='ANALISIS UNITARIOS 1'!I912 -> 39.37 | F30: =D30*E30 -> 78.74
A31: 2.11 | B31: Canales Recolectores, juntas c/3m (f'c=180Kg/cm2) | C31: M | D31: 87.21 | E31: ='ANALISIS UNITARIOS 1'!I972 -> 7.22 | F31: =D31*E31 -> 629.6562
A32: 2.12 | B32: Enlucido de Canales Recolectores | C32: M | D32: =D31 -> 87.21 | E32: ='ANALISIS UNITARIOS 1'!I1029 -> 2.87 | F32: =D32*E32 -> 250.2927
A34: 3 | B34: INSTALACIONES A.A.L.L. | F34: =SUM(F35:F38) -> 197.0138
A35: 3.01 | B35: Tuberia PVC 110mm Perforado | C35: M | D35: 20 | E35: ='ANALISIS UNITARIOS 1'!I1088 -> 3.56 | F35: =D35*E35 -> 71.2
A36: 3.02 | B36: Tuberia PVC 110mm | C36: M | D36: 16.43 | E36: ='ANALISIS UNITARIOS 1'!I1145 -> 5.06 | F36: =D36*E36 -> 83.1358
A37: 3.03 | B37: Geotextil Permeable | C37: M2 | D37: 12.9 | E37: ='ANALISIS UNITARIOS 1'!I1202 -> 1.5 | F37: =D37*E37 -> 19.35
A38: 3.04 | B38: Geomembrana Impermeable | C38: M2 | D38: 7.2 | E38: ='ANALISIS UNITARIOS 1'!I1259 -> 3.24 | F38: =D38*E38 -> 23.328
A41: 4 | B41: REPARACIONES DE LA EDIFICACION | F41: =F42+F43+F44+F45+F46 -> 1743.3292
A42: 4.01 | B42: Resanes en Paredes (Inc. Picado) | C42: M | D42: 71.05 | E42: ='ANALISIS UNITARIOS 1'!I1374 -> 1.72 | F42: =D42*E42 -> 122.206
A43: 4.02 | B43: Resanes en Paredes con grapas de 8 mm. cada 15 cm. (Inc. Picado) | C43: M | D43: 22.8 | E43: ='ANALISIS UNITARIOS 1'!I1432 -> 3.9 | F43: =D43*E43 -> 88.92
A44: 4.03 | B44: Reaparaciones de Piso | C44: M2 | D44: 4.77 | E44: ='ANALISIS UNITARIOS 1'!I1490 -> 20.75 | F44: =D44*E44 -> 98.9775
A45: 4.04 | B45: Pintura de Exteriores (Inc. Empastado) | C45: M2 | D45: 259.9 | E45: ='ANALISIS UNITARIOS 1'!I1548 -> 4.143 | F45: =D45*E45 -> 1076.7657
A46: 4.05 | B46: Pintura de Interiores (Inc. Empastado) | C46: M2 | D46: 91.4 | E46: ='ANALISIS UNITARIOS 1'!I1606 -> 3.9 | F46: =D46*E46 -> 356.46
B51: Total Costos Directos | F51: =F12+F19+F34 -> 12682.458
B52: Costos Indirectos ( 15 %) | F52: =F51*0.15 -> 1902.3687
B53: Total Obra Civil | F53: =F51+F52 -> 14584.826
A57: TABLA 17
A59: PROYECTO DE SOLUCION DE SUELOS EXPANSIVOS EN EL EDIFICIO DE AGROPECUARIA
A60: DE LA FACULTAD DE INGENIERIA MECANICA Y CIENCIAS DE LA PRODUCCION DE LA ESPOL
A62: PRESUPUESTO REFERENCIAL DE OBRA CIVIL PROYECTO 2
A64: Clave | B64: Descripción | C64: Unidad | D64: Cantidad | E64: Precio U. | F64: Total
A67: A | B67: OBRAS CIVILES
A68: 1 | B68: PRELIMINARES | F68: =SUM(F69:F73) -> 2878.06
A69: 1.01 | B69: Trazado y Replanteo | C69: M2 | D69: =D13 -> 515 | E69: =E13 -> 3.67 | F69: =D69*E69 -> 1890.05
A70: 1.02 | B70: Guardianía - Seguridad | C70: MES | D70: =D14 -> 1 | E70: =E14 -> 314.6 | F70: =D70*E70 -> 314.6
A71: 1.03 | B71: Caseta oficina, guardián, bodega (estruct. de madera, cubta zinc) 4.0x4.0 | C71: M2 | D71: =D15 -> 16 | E71: =E15 -> 20.43 | F71: =D71*E71 -> 326.88
A72: 1.04 | B72: Bateria sanitaria provisional-Portatil (1 unidad) | C72: MES | D72: =D16 -> 1 | E72: =E16 -> 132 | F72: =D72*E72 -> 132
A73: 1.05 | B73: Limpieza General de Obra | C73: MES | D73: =D17 -> 1 | E73: =E17 -> 214.53 | F73: =D73*E73 -> 214.53
A75: 2 | B75: MOVIMIENTO DE TIERRA, OBRA DE INFRAESTRUCTURA y ALBANILERIA | F75: =SUM(F77:F85) -> 3940.62
A77: 2.01 | B77: Demolición y desalojo aceras, inc. bordillos. | C77: M2 | D77: 128.54 | E77: =E21 -> 1.57 | F77: =D77*E77 -> 201.8078
A78: 2.02 | B78: Excavación y desalojo para mejoramiento de suelo | C78: M3 | D78: 149.9 | E78: =E22 -> 3.1 | F78: =D78*E78 -> 464.69
A79: 2.03 | B79: Cama de cal e=5cm. | C79: M3 | D79: 8.86 | E79: =E23 -> 79.2975 | F79: =D79*E79 -> 702.57585
A80: 2.04 | B80: Relleno compactado al 95% del proctor modif. | C80: M3 | D80: 148 | E80: =E24 -> 6.26 | F80: =D80*E80 -> 926.48
A81: 2.05 | B81: Relleno piedra 3/4" en filtro | C81: M3 | D81: 10.583 | E81: =E25 -> 19.09 | F81: =D81*E81 -> 202.02947
A82: 2.06 | B82: Contrapiso de hormigón simple, f'c=210kg/cm2 e=10cm. para aceras Inc.junta de construcción c/2,40 m y aplicación de sellador de junta. | C82: M2 | D82: 119.655 | E82: =E26 -> 10.27 | F82: =D82*E82 -> 1228.8568
A83: 2.07 | B83: Cajas recolectoras de A.A.L.L. De Ho. Simple f'c = 180 kg/cm2 (Sin tapa) 60x60x140cm | C83: U | D83: 1 | E83: ='ANALISIS UNITARIOS 2'!I742 -> 160.37 | F83: =D83*E83 -> 160.37
A84: 2.08 | B84: Cajas recolectoras de A.A.L.L. De Ho. Simple f'c = 180 kg/cm2 (Sin tapa) 60x60x115cm | C84: U | D84: 1 | E84: =E30 -> 39.37 | F84: =D84*E84 -> 39.37
A85: 2.09 | B85: Tapas de hormigón armado, c/marco y contramarco, 60x60 cm, incluye instalación | C85: U | D85: 2 | E85: =E31 -> 7.22 | F85: =D85*E85 -> 14.44
A88: 3 | B88: INSTALACIONES A.A.L.L. | F88: =SUM(F89:F92) -> 638.75524
A89: 3.01 | B89: Instalacion Tuberia PVC 110mm Perforado | C89: M | D89: 69.539 | E89: =E35 -> 3.56 | F89: =D89*E89 -> 247.55884
A90: 3.02 | B90: Instalacion Tuberia PVC 110mm | C90: M | D90: 16.278 | E90: =E36 -> 5.06 | F90: =D90*E90 -> 82.36668
A91: 3.03 | B91: Instalacion Geotextil Permeable | C91: M2 | D91: 44.852 | E91: =E37 -> 1.5 | F91: =D91*E91 -> 67.278
A92: 3.04 | B92: Instalacion Geomembrana Impermeable | C92: M2 | D92: 74.553 | E92: =E38 -> 3.24 | F92: =D92*E92 -> 241.55172
A95: 4 | B95: REPARACIONES DE LA EDIFICACION | F95: =F96+F97+F98+F99+F100 -> 1743.3292
A96: 4.01 | B96: Resanes en Paredes (Inc. Picado) | C96: M | D96: 71.05 | E96: =E42 -> 1.72 | F96: =D96*E96 -> 122.206
A97: 4.02 | B97: Resanes en Paredes con grapas de 8 mm. cada 15 cm. (Inc. Picado) | C97: M | D97: 22.8 | E97: =E43 -> 3.9 | F97: =D97*E97 -> 88.92
A98: 4.03 | B98: Reaparaciones de Piso | C98: M2 | D98: 4.77 | E98: =E44 -> 20.75 | F98: =D98*E98 -> 98.9775
A99: 4.04 | B99: Pintura de Exteriores (Inc. Empastado) | C99: M2 | D99: 259.9 | E99: =E45 -> 4.143 | F99: =D99*E99 -> 1076.7657
A100: 4.05 | B100: Pintura de Interiores (inc. Empastado) | C100: M2 | D100: 91.4 | E100: =E46 -> 3.9 | F100: =D100*E100 -> 356.46
B105: Total Costos Directos | F105: =F68+F75+F88 -> 7457.4352
B106: Costos Indirectos ( 15 %) | F106: =F105*0.15 -> 1118.6153
B107: Total Obra Civil | F107: =F105+F106 -> 8576.0505

Sheet ANALISIS UNITARIOS 1
B1: TABLA 48
B3: ANALISIS DE PRECIOS UNITARIOS
B4: PROYECTO DE SOLUCION DE SUELOS EXPANSIVOS EN EL EDIFICIO DE AGROPECUARIA
B5: DE LA FACULTAD DE INGENIERIA MECANICA Y CIENCIAS DE LA PRODUCCION DE LA ESPOL
B6: ESPECIFICACIONES:
B7: ITEM: | C7: TRAZADO Y REPLANTEO | H7: UNIDAD: | I7: M2
B9: 1.- EQUIPOS
B10: DESCRIPCION | C10: MARCA | D10: CANT. | E10: EQUIPO/ H | F10: COMBUST/ H | G10: COSTO/H | H10: RENDIMIENTO | I10: COSTO UNT.
B12: TEODOLITO | D12: 1 | G12: =+[1]EQUIPOS!H22 -> 10 | H12: 0.05 | I12: =+ROUND(D12*G12*H12,2) -> 0.5
G13: =+ROUND(D13*E13*F13,2) -> 0 | I13: =+ROUND(G13*H13,2) -> 0
B14: =+[1]EQUIPOS!A$32 -> HERRAMIENTAS MENORES | G14: =+ROUND(D14*E14*F14,2) -> 0 | I14: =ROUND(I44*5%,2) -> 0.02
B15: EQUIPOS SUBTOTAL | I15: =SUM(I12:I14) -> 0.52
B17: 2.- MATERIALES
B18: DESCRIPCION | F18: PRECIO/UNI | G18: UNIDAD | H18: CANTIDAD | I18: COSTO UNIT.
B20: =+[1]MATERIALES!A11 -> MATERIAL MEJORAMIENTO | F20: =+[1]MATERIALES!F11 -> 12 | G20: =+[1]MATERIALES!B11 -> M3 | H20: 0.2 | I20: =ROUND(F20*H20,2) -> 2.4
I21: =ROUND(F21*H21,2) -> 0
I22: =ROUND(F22*H22,2) -> 0
I23: =ROUND(F23*H23,2) -> 0
I24: =ROUND(F24*H24,2) -> 0
I25: =ROUND(F25*H25,2) -> 0
B26: MATERIAL SUBTOTAL | I26: =SUM(I20:I25) -> 2.4
B28: 3.- TRANSPORTE
B29: DESCRIPCION | D29: DISTANCIA(Km) | E29: PESO (Tx) | F29: Tarifa Ton./km. | G29: VOLUMEN | H29: Tarifa MP./K | I29: costo. Unit.
B31: CONSTAN EN LOS PRECIOS DE LOS MATERIALES
B35: TRANSPORTE SUBTOTAL
B37: 4.-MANO DE OBRA
B38: PERSONAL | E38: CANTIDAD | F38: JORNAL REAL | G38: COSTO m.o.(H) | H38: RENDIMIENTO | I38: COSTO UNIT.
B40: =+'[1]MANO DE OBRA'!B$8 -> CAT I PEONES | E40: 2 | F40: =+'[1]MANO DE OBRA'!B$22 -> 1.428286 | G40: =ROUND(E40*F40,2) -> 2.86 | H40: 0.05 | I40: =ROUND(G40*H40,2) -> 0.14
B41: =+'[1]MANO DE OBRA'!C$8 -> CAT II GUARD, MACHET, AYUD ALB | E41: 2 | F41: =+'[1]MANO DE OBRA'!C$22 -> 1.428286 | G41: =ROUND(E41*F41,2) -> 2.86 | H41: =+H40 -> 0.05 | I41: =ROUND(G41*H41,2) -> 0.14
B42: =+'[1]MANO DE OBRA'!D$8 -> CAT III ALB, FIE, CARP, ELEC | E42: 1 | F42: =+'[1]MANO DE OBRA'!D$22 -> 1.428286 | G42: =ROUND(E42*F42,2) -> 1.43 | H42: =+H40 -> 0.05 | I42: =ROUND(G42*H42,2) -> 0.07
B43: =+'[1]MANO DE OBRA'!G$8 -> TOPOGRAFO4 | E43: 1 | F43: =+'[1]MANO DE OBRA'!G$22 -> 1.4428203 | G43: =ROUND(E43*F43,2) -> 1.44 | H43: =+H40 -> 0.05 | I43: =ROUND(G43*H43,2) -> 0.07
B44: COSTO MANO DE OBRA.. | I44: =SUM(I40:I43) -> 0.42
B46: COSTO DIRECTO | I46: =+I44+I26+I15 -> 3.34
B48: 5.- COSTOS INDIRECTOS
B49: DESCRIPCIÓN | H49: % | I49: COSTO UNIT.
F51: DIRECCION TECNICA | H51: =+[1]INDIRECTOS!B$10 -> 0.04 | I51: =ROUND(H51*I46,2) -> 0.13
F52: ADMINISTRACION | H52: =+[1]INDIRECTOS!B$11 -> 0.04 | I52: =ROUND(H52*I46,2) -> 0.13
F53: IMPREVISTO | H53: =+[1]INDIRECTOS!B$12 -> 0.02 | I53: =ROUND(H53*I46,2) -> 0.07
B54: COSTOS INDIRECTOS | I54: =SUM(I51:I53) -> 0.33
B55: SUMAN | I55: =+I46+I54 -> 3.67
B56: PRECIO UNITARIO OFERTADO | I56: =+I55 -> 3.67
B58: TABLA 49
B60: ANALISIS DE PRECIOS UNITARIOS
B61: PROYECTO DE SOLUCION DE SUELOS EXPANSIVOS EN EL EDIFICIO DE AGROPECUARIA
B62: DE LA FACULTAD DE INGENIERIA MECANICA Y CIENCIAS DE LA PRODUCCION DE LA ESPOL
B63: ESPECIFICACIONES:
B64: ITEM: | C64: GUARDIANIA - SEGURIDAD | H64: UNIDAD: | I64: MES
B66: 1.- EQUIPOS
B67: DESCRIPCION | C67: MARCA | D67: CANT. | E67: EQUIPO/ H | F67: COMBUST/ H | G67: COSTO/H | H67: RENDIMIENTO | I67: COSTO UNT.
B72: EQUIPOS SUBTOTAL | I72: =SUM(I69:I71) -> 0
B74: 2.- MATERIALES
B75: DESCRIPCION | F75: PRECIO/UNI | G75: UNIDAD | H75: CANTIDAD | I75: COSTO UNIT.
B83: MATERIAL SUBTOTAL | I83: =SUM(I77:I82) -> 0
B85: 3.- TRANSPORTE
B86: DESCRIPCION | D86: DISTANCIA(Km) | E86: PESO (Tx) | F86: Tarifa Ton./km. | G86: VOLUMEN | H86: Tarifa MP./K | I86: costo. Unit.
B88: CONSTAN EN LOS PRECIOS DE LOS MATERIALES
B92: TRANSPORTE SUBTOTAL
B94: 4.-MANO DE OBRA
B95: PERSONAL | E95: CANTIDAD | F95: JORNAL REAL | G95: COSTO m.o.(H) | H95: RENDIMIENTO | I95: COSTO UNIT.
I97: =ROUND(G97*H97,2) -> 0
B98: =+'[1]MANO DE OBRA'!C$8 -> CAT II GUARD, MACHET, AYUD ALB | E98: 1 | F98: =+'[1]MANO DE OBRA'!C$22 -> 1.428286 | G98: =ROUND(E98*F98,2) -> 1.43 | H98: 200 | I98: =ROUND(G98*H98,2) -> 286
I99: =ROUND(G99*H99,2) -> 0
I100: =ROUND(G100*H100,2) -> 0
B101: COSTO MANO DE OBRA.. | I101: =SUM(I97:I100) -> 286
B103: COSTO DIRECTO | I103: =+I101+I83+I72 -> 286
B105: 5.- COSTOS INDIRECTOS
B106: DESCRIPCIÓN | H106: % | I106: COSTO UNIT.
F108: DIRECCION TECNICA | H108: =+[1]INDIRECTOS!B$10 -> 0.04 | I108: =ROUND(H108*I103,2) -> 11.44
F109: ADMINISTRACION | H109: =+[1]INDIRECTOS!B$11 -> 0.04 | I109: =ROUND(H109*I103,2) -> 11.44
F110: IMPREVISTO | H110: =+H53 -> 0.02 | I110: =ROUND(H110*I103,2) -> 5.72
B111: COSTOS INDIRECTOS | I111: =SUM(I108:I110) -> 28.6
B112: SUMAN | I112: =+I103+I111 -> 314.6
B113: PRECIO UNITARIO OFERTADO | I113: =+I112 -> 314.6
B115: TABLA 50
B117: ANALISIS DE PRECIOS UNITARIOS
B118: PROYECTO DE SOLUCION DE SUELOS EXPANSIVOS EN EL EDIFICIO DE AGROPECUARIA
B119: DE LA FACULTAD DE INGENIERIA MECANICA Y CIENCIAS DE LA PRODUCCION DE LA ESPOL
B120: ESPECIFICACIONES:
B121: ITEM: | C121: CASETA OFICINA, GUARDIAN, BODEGA (ESTRUCT. DE MADERA CUBTA ZINC) 4.0x4.0
H122: UNIDAD: | I122: M2
B123: 1.- EQUIPOS
B124: DESCRIPCION | C124: MARCA | D124: CANT. | E124: EQUIPO/ H | F124: COMBUST/ H | G124: COSTO/H | H124: RENDIMIENTO | I124: COSTO UNT.
I126: =+ROUND(G126*H126,2) -> 0
G127: =+ROUND(D127*E127*F127,2) -> 0 | I127: =+ROUND(G127*H127,2) -> 0
B128: =+[1]EQUIPOS!A$32 -> HERRAMIENTAS MENORES | G128: =+ROUND(D128*E128*F128,2) -> 0 | I128: =ROUND(I158*5%,2) -> 0.05
B129: EQUIPOS SUBTOTAL | I129: =SUM(I126:I128) -> 0.05
B131: 2.- MATERIALES
B132: DESCRIPCION | F132: PRECIO/UNI | G132: UNIDAD | H132: CANTIDAD | I132: COSTO UNIT.
B134: =+[1]MATERIALES!A$23 -> MADERA | F134: =+[1]MATERIALES!F$23 -> 1.535 | G134: =+[1]MATERIALES!B$23 -> U | H134: 5 | I134: =ROUND(F134*H134,2) -> 7.68
B135: =+[1]MATERIALES!A$24 -> CUARTONES | F135: =+[1]MATERIALES!F$24 -> 1.235 | G135: =+[1]MATERIALES!B$24 -> U | H135: 2 | I135: =ROUND(F135*H135,2) -> 2.47
B136: =+[1]MATERIALES!A$25 -> TIRAS | F136: =+[1]MATERIALES!F$25 -> 1.035 | G136: =+[1]MATERIALES!B$25 -> U | H136: 1 | I136: =ROUND(F136*H136,2) -> 1.04
B137: =+[1]MATERIALES!A$26 -> ZINC | F137: =+[1]MATERIALES!F$26 -> 8.015 | G137: =+[1]MATERIALES!B$26 -> PLANCHA | H137: 0.4 | I137: =ROUND(F137*H137,2) -> 3.21
B138: =+[1]MATERIALES!A$27 -> ACCESORIOS CUBIERTA | F138: =+[1]MATERIALES!F$27 -> 2.02 | G138: =+[1]MATERIALES!B$27 -> GLOBAL | H138: 0.3 | I138: =ROUND(F138*H138,2) -> 0.61
B139: =+[1]MATERIALES!A$28 -> PANEL BREAKERS E INSTALACION ELECTRICA | F139: =+[1]MATERIALES!F$28 -> 50.1 | G139: =+[1]MATERIALES!B$28 -> GLOBAL | H139: 0.05 | I139: =ROUND(F139*H139,2) -> 2.51
B140: MATERIAL SUBTOTAL | I140: =SUM(I134:I139) -> 17.52
B142: 3.- TRANSPORTE
B143: DESCRIPCION | D143: DISTANCIA(Km) | E143: PESO (Tx) | F143: Tarifa Ton./km. | G143: VOLUMEN | H143: Tarifa MP./K | I143: costo. Unit.
B145: CONSTAN EN LOS PRECIOS DE LOS MATERIALES
B149: TRANSPORTE SUBTOTAL
B151: 4.-MANO DE OBRA
...

Sheet ANALISIS UNITARIOS 2
B1: TABLA 74
B3: ANALISIS DE PRECIOS UNITARIOS
B4: PROYECTO DE SOLUCION DE SUELOS EXPANSIVOS EN EL EDIFICIO DE AGROPECUARIA
B5: DE LA FACULTAD DE INGENIERIA MECANICA Y CIENCIAS DE LA PRODUCCION DE LA ESPOL
B6: ESPECIFICACIONES:
B7: ITEM: | C7: TRAZADO Y REPLANTEO | H7: UNIDAD: | I7: M2
B9: 1.- EQUIPOS
B10: DESCRIPCION | C10: MARCA | D10: CANT. | E10: EQUIPO/ H | F10: COMBUST/ H | G10: COSTO/H | H10: RENDIMIENTO | I10: COSTO UNT.
B12: =+[1]EQUIPOS!A22 -> CORTADORA DE HORMIGON/ASFALTO | D12: 1 | G12: =+[1]EQUIPOS!H22 -> 10 | H12: 0.05 | I12: =+ROUND(D12*G12*H12,2) -> 0.5
G13: =+ROUND(D13*E13*F13,2) -> 0 | I13: =+ROUND(G13*H13,2) -> 0
B14: =+[1]EQUIPOS!A$32 -> HERRAMIENTAS MENORES | G14: =+ROUND(D14*E14*F14,2) -> 0 | I14: =ROUND(I44*5%,2) -> 0.02
B15: EQUIPOS SUBTOTAL | I15: =SUM(I12:I14) -> 0.52
B17: 2.- MATERIALES
B18: DESCRIPCION | F18: PRECIO/UNI | G18: UNIDAD | H18: CANTIDAD | I18: COSTO UNIT.
B20: =+[1]MATERIALES!A11 -> MATERIAL MEJORAMIENTO | F20: =+[1]MATERIALES!F11 -> 12 | G20: =+[1]MATERIALES!B11 -> M3 | H20: 0.2 | I20: =ROUND(F20*H20,2) -> 2.4
I21: =ROUND(F21*H21,2) -> 0
I22: =ROUND(F22*H22,2) -> 0
I23: =ROUND(F23*H23,2) -> 0
I24: =ROUND(F24*H24,2) -> 0
I25: =ROUND(F25*H25,2) -> 0
B26: MATERIAL SUBTOTAL | I26: =SUM(I20:I25) -> 2.4
B28: 3.- TRANSPORTE
B29: DESCRIPCION | D29: DISTANCIA(Km) | E29: PESO (Tx) | F29: Tarifa Ton./km. | G29: VOLUMEN | H29: Tarifa MP./K | I29: costo. Unit.
B31: CONSTAN EN LOS PRECIOS DE LOS MATERIALES
B35: TRANSPORTE SUBTOTAL
B37: 4.-MANO DE OBRA
B38: PERSONAL | E38: CANTIDAD | F38: JORNAL REAL | G38: COSTO m.o.(H) | H38: RENDIMIENTO | I38: COSTO UNIT.
B40: =+'[1]MANO DE OBRA'!B$8 -> CAT I PEONES | E40: 2 | F40: =+'[1]MANO DE OBRA'!B$22 -> 1.428286 | G40: =ROUND(E40*F40,2) -> 2.86 | H40: 0.05 | I40: =ROUND(G40*H40,2) -> 0.14
B41: =+'[1]MANO DE OBRA'!C$8 -> CAT II GUARD, MACHET, AYUD ALB | E41: 2 | F41: =+'[1]MANO DE OBRA'!C$22 -> 1.428286 | G41: =ROUND(E41*F41,2) -> 2.86 | H41: =+H40 -> 0.05 | I41: =ROUND(G41*H41,2) -> 0.14
B42: =+'[1]MANO DE OBRA'!D$8 -> CAT III ALB, FIE, CARP, ELEC | E42: 1 | F42: =+'[1]MANO DE OBRA'!D$22 -> 1.428286 | G42: =ROUND(E42*F42,2) -> 1.43 | H42: =+H40 -> 0.05 | I42: =ROUND(G42*H42,2) -> 0.07
B43: =+'[1]MANO DE OBRA'!G$8 -> TOPOGRAFO4 | E43: 1 | F43: =+'[1]MANO DE OBRA'!G$22 -> 1.4428203 | G43: =ROUND(E43*F43,2) -> 1.44 | H43: =+H40 -> 0.05 | I43: =ROUND(G43*H43,2) -> 0.07
B44: COSTO MANO DE OBRA.. | I44: =SUM(I40:I43) -> 0.42
B46: COSTO DIRECTO | I46: =+I44+I26+I15 -> 3.34
B48: 5.- COSTOS INDIRECTOS
B49: DESCRIPCIÓN | H49: % | I49: COSTO UNIT.
F51: DIRECCION TECNICA | H51: =+[1]INDIRECTOS!B$10 -> 0.04 | I51: =ROUND(H51*I46,2) -> 0.13
F52: ADMINISTRACION | H52: =+[1]INDIRECTOS!B$11 -> 0.04 | I52: =ROUND(H52*I46,2) -> 0.13
F53: IMPREVISTO | H53: =+[1]INDIRECTOS!B$12 -> 0.02 | I53: =ROUND(H53*I46,2) -> 0.07
B54: COSTOS INDIRECTOS | I54: =SUM(I51:I53) -> 0.33
B55: SUMAN | I55: =+I46+I54 -> 3.67
B56: PRECIO UNITARIO OFERTADO | I56: =+I55 -> 3.67
B58: TABLA 75
B60: ANALISIS DE PRECIOS UNITARIOS
B61: PROYECTO DE SOLUCION DE SUELOS EXPANSIVOS EN EL EDIFICIO DE AGROPECUARIA
B62: DE LA FACULTAD DE INGENIERIA MECANICA Y CIENCIAS DE LA PRODUCCION DE LA ESPOL
B63: ESPECIFICACIONES:
B64: ITEM: | C64: GUARDIANIA - SEGURIDAD | H64: UNIDAD: | I64: MES
B66: 1.- EQUIPOS
B67: DESCRIPCION | C67: MARCA | D67: CANT. | E67: EQUIPO/ H | F67: COMBUST/ H | G67: COSTO/H | H67: RENDIMIENTO | I67: COSTO UNT.
B72: EQUIPOS SUBTOTAL | I72: =SUM(I69:I71) -> 0
B74: 2.- MATERIALES
B75: DESCRIPCION | F75: PRECIO/UNI | G75: UNIDAD | H75: CANTIDAD | I75: COSTO UNIT.
B83: MATERIAL SUBTOTAL | I83: =SUM(I77:I82) -> 0
B85: 3.- TRANSPORTE
B86: DESCRIPCION | D86: DISTANCIA(Km) | E86: PESO (Tx) | F86: Tarifa Ton./km. | G86: VOLUMEN | H86: Tarifa MP./K | I86: costo. Unit.
B88: CONSTAN EN LOS PRECIOS DE LOS MATERIALES
B92: TRANSPORTE SUBTOTAL
B94: 4.-MANO DE OBRA
B95: PERSONAL | E95: CANTIDAD | F95: JORNAL REAL | G95: COSTO m.o.(H) | H95: RENDIMIENTO | I95: COSTO UNIT.
I97: =ROUND(G97*H97,2) -> 0
B98: =+'[1]MANO DE OBRA'!C$8 -> CAT II GUARD, MACHET, AYUD ALB | E98: 1 | F98: =+'[1]MANO DE OBRA'!C$22 -> 1.428286 | G98: =ROUND(E98*F98,2) -> 1.43 | H98: 200 | I98: =ROUND(G98*H98,2) -> 286
I99: =ROUND(G99*H99,2) -> 0
I100: =ROUND(G100*H100,2) -> 0
B101: COSTO MANO DE OBRA.. | I101: =SUM(I97:I100) -> 286
B103: COSTO DIRECTO | I103: =+I101+I83+I72 -> 286
B105: 5.- COSTOS INDIRECTOS
B106: DESCRIPCIÓN | H106: % | I106: COSTO UNIT.
F108: DIRECCION TECNICA | H108: =+[1]INDIRECTOS!B$10 -> 0.04 | I108: =ROUND(H108*I103,2) -> 11.44
F109: ADMINISTRACION | H109: =+[1]INDIRECTOS!B$11 -> 0.04 | I109: =ROUND(H109*I103,2) -> 11.44
F110: IMPREVISTO | H110: =+H53 -> 0.02 | I110: =ROUND(H110*I103,2) -> 5.72
B111: COSTOS INDIRECTOS | I111: =SUM(I108:I110) -> 28.6
B112: SUMAN | I112: =+I103+I111 -> 314.6
B113: PRECIO UNITARIO OFERTADO | I113: =+I112 -> 314.6
B115: TABLA 76
B117: ANALISIS DE PRECIOS UNITARIOS
B118: PROYECTO DE SOLUCION DE SUELOS EXPANSIVOS EN EL EDIFICIO DE AGROPECUARIA
B119: DE LA FACULTAD DE INGENIERIA MECANICA Y CIENCIAS DE LA PRODUCCION DE LA ESPOL
B120: ESPECIFICACIONES:
B121: ITEM: | C121: CASETA OFICINA, GUARDIAN, BODEGA (ESTRUCT. DE MADERA CUBTA ZINC) 4.0x4.0
H122: UNIDAD: | I122: M2
B123: 1.- EQUIPOS
B124: DESCRIPCION | C124: MARCA | D124: CANT. | E124: EQUIPO/ H | F124: COMBUST/ H | G124: COSTO/H | H124: RENDIMIENTO | I124: COSTO UNT.
G126: =+[1]EQUIPOS!H147 -> 0 | I126: =+ROUND(G126*H126,2) -> 0
G127: =+ROUND(D127*E127*F127,2) -> 0 | I127: =+ROUND(G127*H127,2) -> 0
B128: =+[1]EQUIPOS!A$32 -> HERRAMIENTAS MENORES | G128: =+ROUND(D128*E128*F128,2) -> 0 | I128: =ROUND(I158*5%,2) -> 0.05
B129: EQUIPOS SUBTOTAL | I129: =SUM(I126:I128) -> 0.05
B131: 2.- MATERIALES
B132: DESCRIPCION | F132: PRECIO/UNI | G132: UNIDAD | H132: CANTIDAD | I132: COSTO UNIT.
B134: =+[1]MATERIALES!A$23 -> MADERA | F134: =+[1]MATERIALES!F$23 -> 1.535 | G134: =+[1]MATERIALES!B$23 -> U | H134: 5 | I134: =ROUND(F134*H134,2) -> 7.68
B135: =+[1]MATERIALES!A$24 -> CUARTONES | F135: =+[1]MATERIALES!F$24 -> 1.235 | G135: =+[1]MATERIALES!B$24 -> U | H135: 2 | I135: =ROUND(F135*H135,2) -> 2.47
B136: =+[1]MATERIALES!A$25 -> TIRAS | F136: =+[1]MATERIALES!F$25 -> 1.035 | G136: =+[1]MATERIALES!B$25 -> U | H136: 1 | I136: =ROUND(F136*H136,2) -> 1.04
B137: =+[1]MATERIALES!A$26 -> ZINC | F137: =+[1]MATERIALES!F$26 -> 8.015 | G137: =+[1]MATERIALES!B$26 -> PLANCHA | H137: 0.4 | I137: =ROUND(F137*H137,2) -> 3.21
B138: =+[1]MATERIALES!A$27 -> ACCESORIOS CUBIERTA | F138: =+[1]MATERIALES!F$27 -> 2.02 | G138: =+[1]MATERIALES!B$27 -> GLOBAL | H138: 0.3 | I138: =ROUND(F138*H138,2) -> 0.61
B139: =+[1]MATERIALES!A$28 -> PANEL BREAKERS E INSTALACION ELECTRICA | F139: =+[1]MATERIALES!F$28 -> 50.1 | G139: =+[1]MATERIALES!B$28 -> GLOBAL | H139: 0.05 | I139: =ROUND(F139*H139,2) -> 2.51
B140: MATERIAL SUBTOTAL | I140: =SUM(I134:I139) -> 17.52
B142: 3.- TRANSPORTE
B143: DESCRIPCION | D143: DISTANCIA(Km) | E143: PESO (Tx) | F143: Tarifa Ton./km. | G143: VOLUMEN | H143: Tarifa MP./K | I143: costo. Unit.
B145: CONSTAN EN LOS PRECIOS DE LOS MATERIALES
B149: TRANSPORTE SUBTOTAL
B151: 4.-MANO DE OBRA
...

Sheet CRONOGRAMA
A1: TABLA 16
A3: PROYECTO DE SOLUCION DE SUELOS EXPANSIVOS EN EL EDIFICIO DE AGROPECUARIA
A4: DE LA FACULTAD DE INGENIERIA MECANICA Y CIENCIAS DE LA PRODUCCION DE LA ESPOL
A6: CRONOGRAMA VALORADO PROYECTO 1
A8: Clave | B8: Descripción | C8: Unidad | D8: Cantidad | E8: Precio U. | F8: Total | G8: SEMANA
G9: 1 | H9: 2 | I9: 3 | J9: 4
A11: A | B11: OBRAS CIVILES
A12: 1 | B12: PRELIMINARES | F12: =SUM(F13:F18) -> 2878.06
A13: 1.01 | B13: Trazado y Replanteo | C13: M2 | D13: =PRESUPUESTO!D13 -> 515 | E13: ='ANALISIS UNITARIOS 1'!I56 -> 3.67 | F13: =D13*E13 -> 1890.05 | G13: =+F13 -> 1890.05
A14: 1.02 | B14: Guardianía - Seguridad | C14: MES | D14: 1 | E14: ='ANALISIS UNITARIOS 1'!I113 -> 314.6 | F14: =D14*E14 -> 314.6 | G14: =+$F14/4 -> 78.65 | H14: =+$F14/4 -> 78.65 | I14: =+$F14/4 -> 78.65 | J14: =+$F14/4 -> 78.65
A15: 1.03 | B15: Caseta oficina, guardián, bodega (estruct. de madera, cubta zinc) 4.0x4.0 | C15: M2 | D15: 16 | E15: ='ANALISIS UNITARIOS 1'!I170 -> 20.43 | F15: =D15*E15 -> 326.88 | G15: =+F15 -> 326.88
A16: 1.04 | B16: Bateria sanitaria provisional-Portatil (1 unidad) | C16: MES | D16: 1 | E16: ='ANALISIS UNITARIOS 1'!I227 -> 132 | F16: =D16*E16 -> 132 | G16: =+$F16/4 -> 33 | H16: =+$F16/4 -> 33 | I16: =+$F16/4 -> 33 | J16: =+$F16/4 -> 33
A17: 1.05 | B17: Limpieza General de Obra | C17: MES | D17: 1 | E17: ='ANALISIS UNITARIOS 1'!I284 -> 214.53 | F17: =D17*E17 -> 214.53 | G17: =+$F17/4 -> 53.6325 | H17: =+$F17/4 -> 53.6325 | I17: =+$F17/4 -> 53.6325 | J17: =+$F17/4 -> 53.6325
A19: 2 | B19: MOVIMIENTO DE TIERRA, OBRA DE INFRAESTRUCTURA Y ALBANILERIA | F19: =SUM(F20:F32) -> 9607.3839
A21: 2.01 | B21: Demolición y desalojo aceras, inc. bordillos. | C21: M2 | D21: =PRESUPUESTO!D21 -> 128.54 | E21: ='ANALISIS UNITARIOS 1'!I343 -> 1.57 | F21: =D21*E21 -> 201.8078 | G21: =F21 -> 201.8078
A22: 2.02 | B22: Excavación y desalojo para mejoramiento de suelo | C22: M3 | D22: =PRESUPUESTO!D22 -> 416 | E22: ='ANALISIS UNITARIOS 1'!I400 -> 3.1 | F22: =D22*E22 -> 1289.6 | G22: =$F22/2 -> 644.8 | H22: =$F22/2 -> 644.8
A23: 2.03 | B23: Cama de cal e=5cm. | C23: M3 | D23: =PRESUPUESTO!D23 -> 23.4765 | E23: ='ANALISIS UNITARIOS 1'!I457 -> 79.2975 | F23: =D23*E23 -> 1861.6278 | H23: =$F23/2 -> 930.81388 | I23: =$F23/2 -> 930.81388
A24: 2.04 | B24: Relleno compactado al 95% del proctor modif. | C24: M3 | D24: =PRESUPUESTO!D24 -> 282 | E24: ='ANALISIS UNITARIOS 1'!I514 -> 6.26 | F24: =D24*E24 -> 1765.32 | H24: =$F24/2 -> 882.66 | I24: =$F24/2 -> 882.66
A25: 2.05 | B25: Relleno piedra 3/4" en filtro | C25: M3 | D25: =PRESUPUESTO!D25 -> 3 | E25: ='ANALISIS UNITARIOS 1'!I571 -> 19.09 | F25: =D25*E25 -> 57.27 | H25: =$F25/2 -> 28.635 | I25: =$F25/2 -> 28.635
A26: 2.06 | B26: Contrapiso de hormigón simple, f'c=210kg/cm2 e=10cm. para aceras Inc.junta de construcción c/2,40 m y aplicación de sellador de junta. | C26: M2 | D26: =PRESUPUESTO!D26 -> 238 | E26: ='ANALISIS UNITARIOS 1'!I628 -> 10.27 | F26: =D26*E26 -> 2444.26 | I26: =F26/2 -> 1222.13 | J26: =I26 -> 1222.13
A27: 2.07 | B27: Contrapiso: Hormigón pobre bajo vivero | C27: M3 | D27: =PRESUPUESTO!D27 -> 16.729 | E27: ='ANALISIS UNITARIOS 1'!I742 -> 44.43 | F27: =D27*E27 -> 743.26947 | I27: =$F27 -> 743.26947
A28: 2.08 | B28: Caja recolectoras de A.A.L.L. De Ho. Simple f'c = 180 kg/cm2 (Sin tapa) 60x60x130cm | C28: U | D28: 1 | E28: ='ANALISIS UNITARIOS 1'!I799 -> 150.47 | F28: =D28*E28 -> 150.47 | I28: =$F28 -> 150.47
A29: 2.09 | B29: =PRESUPUESTO!B29 -> Cajas recolectoras de A.A.L.L. De Ho. Simple f'c = 180 kg/cm2 (Sin tapa) 60x60x115cm | C29: U | D29: 1 | E29: =PRESUPUESTO!E29 -> 135.07 | F29: =D29*E29 -> 135.07 | I29: =F29 -> 135.07
A30: 2.1 | B30: =PRESUPUESTO!B30 -> Tapas de hormigón armado, c/marco y contramarco, 60x60 cm, incluye instalación | C30: U | D30: 2 | E30: =PRESUPUESTO!E30 -> 39.37 | F30: =D30*E30 -> 78.74 | I30: =F30 -> 78.74
A31: 2.11 | B31: =PRESUPUESTO!B31 -> Canales Recolectores, juntas c/3m (f'c=180Kg/cm2) | C31: M | D31: =PRESUPUESTO!D31 -> 87.21 | E31: =PRESUPUESTO!E31 -> 7.22 | F31: =D31*E31 -> 629.6562 | J31: =F31 -> 629.6562
A32: 2.12 | B32: Enlucido de Canales Recolectores | C32: M | D32: =D31 -> 87.21 | E32: =PRESUPUESTO!E32 -> 2.87 | F32: =D32*E32 -> 250.2927 | J32: =F32 -> 250.2927
A34: 3 | B34: INSTALACIONES A.A.L.L. | F34: =SUM(F35:F38) -> 197.0138
A35: 3.01 | B35: Tuberia PVC 110mm Perforado | C35: M | D35: =PRESUPUESTO!D35 -> 20 | E35: ='ANALISIS UNITARIOS 1'!I1088 -> 3.56 | F35: =D35*E35 -> 71.2 | G35: =$F35/3 -> 23.733333 | H35: =$F35/3 -> 23.733333 | I35: =$F35/3 -> 23.733333
A36: 3.02 | B36: Tuberia PVC 110mm | C36: M | D36: =PRESUPUESTO!D36 -> 16.43 | E36: ='ANALISIS UNITARIOS 1'!I1145 -> 5.06 | F36: =D36*E36 -> 83.1358 | G36: =$F36/3 -> 27.711933 | H36: =$F36/3 -> 27.711933 | I36: =$F36/3 -> 27.711933
A37: 3.03 | B37: Geotextil Permeable | C37: M2 | D37: =PRESUPUESTO!D37 -> 12.9 | E37: ='ANALISIS UNITARIOS 1'!I1202 -> 1.5 | F37: =D37*E37 -> 19.35 | G37: =$F37/3 -> 6.45 | H37: =$F37/3 -> 6.45 | I37: =$F37/3 -> 6.45
A38: 3.04 | B38: Geomembrana Impermeable | C38: M2 | D38: =PRESUPUESTO!D38 -> 7.2 | E38: ='ANALISIS UNITARIOS 1'!I1259 -> 3.24 | F38: =D38*E38 -> 23.328 | G38: =$F38/3 -> 7.776 | H38: =$F38/3 -> 7.776 | I38: =$F38/3 -> 7.776
A40: 4 | B40: REPARACIONES DE LA EDIFICACION | F40: =F41+F42+F43+F44+F45 -> 1743.3292
A41: 4.01 | B41: Resanes en Paredes (Inc. Picado) | C41: M | D41: 71.05 | E41: ='ANALISIS UNITARIOS 1'!I1373 -> 1.72 | F41: =D41*E41 -> 122.206 | J41: =F41 -> 122.206
A42: 4.02 | B42: Resanes en Paredes con grapas de 8 mm. cada 15 cm. (Inc. Picado) | C42: M | D42: 22.8 | E42: ='ANALISIS UNITARIOS 1'!I1431 -> 3.9 | F42: =D42*E42 -> 88.92 | J42: =F42 -> 88.92
A43: 4.03 | B43: Reaparaciones de Piso | C43: M2 | D43: 4.77 | E43: ='ANALISIS UNITARIOS 1'!I1489 -> 20.75 | F43: =D43*E43 -> 98.9775 | J43: =F43 -> 98.9775
A44: 4.04 | B44: Pintura de Exteriores (Inc. Empastado) | C44: M2 | D44: 259.9 | E44: ='ANALISIS UNITARIOS 1'!I1547 -> 4.143 | F44: =D44*E44 -> 1076.7657 | J44: =F44 -> 1076.7657
A45: 4.05 | B45: Pintura de Interiores (Inc. Empastado) | C45: M2 | D45: 91.4 | E45: ='ANALISIS UNITARIOS 1'!I1605 -> 3.9 | F45: =D45*E45 -> 356.46 | J45: =F45 -> 356.46
G47: =SUM(G12:G46) -> 3294.4916 | H47: =SUM(H12:H46) -> 2717.8626 | I47: =SUM(I12:I46) -> 4402.7421 | J47: =SUM(J12:J46) -> 4010.6906
B51: Total Costos Directos | F51: =F12+F19+F34+F40 -> 14425.787
B52: Costos Indirectos ( 15 %) | F52: =F51*0.15 -> 2163.868
B53: Total Obra Civil | F53: =F51+F52 -> 16589.655
A57: TABLA 18
A59: PROYECTO DE SOLUCION DE SUELOS EXPANSIVOS EN EL EDIFICIO DE AGROPECUARIA
A60: DE LA FACULTAD DE INGENIERIA MECANICA Y CIENCIAS DE LA PRODUCCION DE LA ESPOL
A62: CRONOGRAMA VALORADO PROYECTO 2
A64: Clave | B64: Descripción | C64: Unidad | D64: Cantidad | E64: Precio U. | F64: Total | G64: SEMANA
G65: 1 | H65: 2 | I65: 3 | J65: 4
A67: A | B67: OBRAS CIVILES
A68: 1 | B68: PRELIMINARES | F68: =SUM(F69:F74) -> 1905.51
A69: 1.01 | B69: Trazado y Replanteo | C69: M2 | D69: 250 | E69: =E13 -> 3.67 | F69: =D69*E69 -> 917.5 | G69: =+F69 -> 917.5
A70: 1.02 | B70: Guardianía - Seguridad | C70: MES | D70: =D14 -> 1 | E70: =E14 -> 314.6 | F70: =D70*E70 -> 314.6 | G70: =+$F70/4 -> 78.65 | H70: =+$F70/4 -> 78.65 | I70: =+$F70/4 -> 78.65 | J70: =+$F70/4 -> 78.65
A71: 1.03 | B71: Caseta oficina, guardián, bodega (estruct. de madera, cubta zinc) 4.0x4.0 | C71: M2 | D71: =D15 -> 16 | E71: =E15 -> 20.43 | F71: =D71*E71 -> 326.88 | G71: =+F71 -> 326.88
A72: 1.04 | B72: Bateria sanitaria provisional-Portatil (1 unidad) | C72: MES | D72: =D16 -> 1 | E72: =E16 -> 132 | F72: =D72*E72 -> 132 | G72: =+$F72/4 -> 33 | H72: =+$F72/4 -> 33 | I72: =+$F72/4 -> 33 | J72: =+$F72/4 -> 33
A73: 1.05 | B73: Limpieza General de Obra | C73: MES | D73: =D17 -> 1 | E73: =E17 -> 214.53 | F73: =D73*E73 -> 214.53 | G73: =+$F73/4 -> 53.6325 | H73: =+$F73/4 -> 53.6325 | I73: =+$F73/4 -> 53.6325 | J73: =+$F73/4 -> 53.6325
A75: 2 | B75: MOVIMIENTO DE TIERRA, OBRA DE INFRAESTRUCTURA y ALBANILERIA | F75: =SUM(F76:F85) -> 4036.32
A77: 2.01 | B77: Demolición y desalojo aceras, inc. bordillos. | C77: M2 | D77: 128.54 | E77: =E21 -> 1.57 | F77: =D77*E77 -> 201.8078 | G77: =F77 -> 201.8078
A78: 2.02 | B78: Excavación y desalojo para mejoramiento de suelo | C78: M3 | D78: =PRESUPUESTO!D78 -> 149.9 | E78: =E22 -> 3.1 | F78: =D78*E78 -> 464.69 | G78: =$F78/2 -> 232.345 | H78: =$F78/2 -> 232.345
A79: 2.03 | B79: Cama de cal e=5cm. | C79: M3 | D79: 8.86 | E79: =E23 -> 79.2975 | F79: =D79*E79 -> 702.57585 | H79: =$F79/2 -> 351.28792 | I79: =$F79/2 -> 351.28792
A80: 2.04 | B80: Relleno compactado al 95% del proctor modif. | C80: M3 | D80: =PRESUPUESTO!D80 -> 148 | E80: =E24 -> 6.26 | F80: =D80*E80 -> 926.48 | H80: =$F80/2 -> 463.24 | I80: =$F80/2 -> 463.24
A81: 2.05 | B81: Relleno piedra 3/4" en filtro | C81: M3 | D81: 10.583 | E81: =E25 -> 19.09 | F81: =D81*E81 -> 202.02947 | H81: =$F81/2 -> 101.01474 | I81: =$F81/2 -> 101.01474
A82: 2.06 | B82: Contrapiso de hormigón simple, f'c=210kg/cm2 e=10cm. para aceras Inc.junta de construcción c/2,40 m y aplicación de sellador de junta. | C82: M2 | D82: 119.655 | E82: =E26 -> 10.27 | F82: =D82*E82 -> 1228.8568 | I82: =F82/2 -> 614.42842 | J82: =I82 -> 614.42842
A83: 2.07 | B83: Caja recolectoras de A.A.L.L. De Ho. Simple f'c = 180 kg/cm2 (Sin tapa) 60x60x140cm | C83: U | D83: 1 | E83: ='ANALISIS UNITARIOS 2'!I742 -> 160.37 | F83: =D83*E83 -> 160.37 | I83: =$F83 -> 160.37
A84: 2.08 | B84: Caja recolectoras de A.A.L.L. De Ho. Simple f'c = 180 kg/cm2 (Sin tapa) 60x60x115cm | C84: U | D84: 1 | E84: =E29 -> 135.07 | F84: =D84*E84 -> 135.07 | I84: =$F84 -> 135.07
A85: 2.09 | B85: Tapas de hormigón armado, c/marco y contramarco, 60x60 cm, incluye instalación | C85: U | D85: 2 | E85: =E31 -> 7.22 | F85: =D85*E85 -> 14.44 | J85: =$F85 -> 14.44
A89: 3 | B89: INSTALACIONES A.A.L.L. | F89: =SUM(F90:F93) -> 638.75524
A90: 3.01 | B90: Instalacion Tuberia PVC 110mm Perforado | C90: M | D90: 69.539 | E90: =E35 -> 3.56 | F90: =D90*E90 -> 247.55884 | G90: =$F90/3 -> 82.519613 | H90: =$F90/3 -> 82.519613 | I90: =$F90/3 -> 82.519613
A91: 3.02 | B91: Instalacion Tuberia PVC 110mm | C91: M | D91: 16.278 | E91: =E36 -> 5.06 | F91: =D91*E91 -> 82.36668 | G91: =$F91/3 -> 27.45556 | H91: =$F91/3 -> 27.45556 | I91: =$F91/3 -> 27.45556
A92: 3.03 | B92: Instalacion Geotextil Permeable | C92: M2 | D92: 44.852 | E92: =E37 -> 1.5 | F92: =D92*E92 -> 67.278 | G92: =$F92/3 -> 22.426 | H92: =$F92/3 -> 22.426 | I92: =$F92/3 -> 22.426
A93: 3.04 | B93: Instalacion Geomembrana Impermeable | C93: M2 | D93: 74.553 | E93: =E38 -> 3.24 | F93: =D93*E93 -> 241.55172 | G93: =$F93/3 -> 80.51724 | H93: =$F93/3 -> 80.51724 | I93: =$F93/3 -> 80.51724
A95: 4 | B95: REPARACIONES DE LA EDIFICACION | F95: =F96+F97+F98+F99+F100 -> 1743.3292
A96: 4.01 | B96: Resanes en Paredes (Inc. Picado) | C96: M | D96: 71.05 | E96: =E41 -> 1.72 | F96: =D96*E96 -> 122.206 | J96: =F96 -> 122.206
A97: 4.02 | B97: Resanes en Paredes con grapas de 8 mm. cada 15 cm. (Inc. Picado) | C97: M | D97: 22.8 | E97: =E42 -> 3.9 | F97: =D97*E97 -> 88.92 | J97: =F97 -> 88.92
A98: 4.03 | B98: Reaparaciones de Piso | C98: M2 | D98: 4.77 | E98: =E43 -> 20.75 | F98: =D98*E98 -> 98.9775 | J98: =F98 -> 98.9775
A99: 4.04 | B99: Pintura de Exteriores (Inc. Empastado) | C99: M2 | D99: 259.9 | E99: =E44 -> 4.143 | F99: =D99*E99 -> 1076.7657 | J99: =F99 -> 1076.7657
A100: 4.05 | B100: Pintura de Interiores (Inc. Empastado) | C100: M2 | D100: 91.4 | E100: =E45 -> 3.9 | F100: =D100*E100 -> 356.46 | J100: =F100 -> 356.46
G102: =SUM(G69:G101) -> 2056.7337 | H102: =SUM(H69:H101) -> 1526.0886 | I102: =SUM(I69:I101) -> 2203.612 | J102: =SUM(J69:J101) -> 2537.4801
B106: Total Costos Directos | F106: =F68+F75+F89+F95 -> 8323.9144
B107: Costos Indirectos ( 15 %) | F107: =F106*0.15 -> 1248.5872
B108: Total Obra Civil | F108: =F106+F107 -> 9572.5016

Sheet Hoja1
